 Dungeon Crawl Stone Soup version 0.27-a0-334-g52645efa06 (webtiles) character file.

Game seed: 2062892467553940698

15269 Armakuni the Grappler (level 11, -1/104 HPs)
             Began as a Troll Ice Elementalist on Feb 13, 2021.
             Was an Elder of the Shining One.
             Slain by a 12-headed hydra (10 damage)
             ... on level 1 of the Lair of Beasts.
             The game lasted 00:28:39 (11544 turns).

Armakuni the Grappler (Troll Ice Elementalist)     Turns: 11544, Time: 00:28:39

Health: -1/104     AC: 23    Str: 18    XL:     11   Next: 99%
Magic:  8/13       EV:  9    Int: 20    God:    the Shining One [****..]
Gold:   610        SH:  0    Dex: 10    Spells: 7/13 levels left

rFire    . . .     SeeInvis .     - Unarmed
rCold    . . .     Faith    .   (no shield)
rNeg     + + .     Spirit   .   L - +3 troll leather armour
rPois    .         Reflect  .   u - +2 hat
rElec    .         Harm     .   (no cloak)
rCorr    .         Rampage  .   (gloves unavailable)
Will     .....                  (boots unavailable)
Stlth    +.........             R - amulet of regeneration
HPRegen  1.47/turn              P - +4 ring of protection
MPRegen  0.13/turn              I - +6 ring of intelligence

@: icy armour, frozen ramparts, glowing
A: large, unfitting armour, claws 3, regeneration 1, shaggy fur 1, tough skin 3
a: Renounce Religion, Divine Shield, Cleansing Flame


You were on level 1 of the Lair of Beasts.
You worshipped the Shining One.
The Shining One was greatly pleased with you.
You visited 4 branches of the dungeon, and saw 14 of its levels.

You collected 786 gold pieces.
You spent 176 gold pieces at shops.

Inventory:

Missiles
 a - 4 silver javelins
 e - 2 large rocks
 j - 20 boomerangs (quivered)
 A - a throwing net
Armour
 u - a +2 hat (worn)
 L - a +3 troll leather armour (worn)
Jewellery
 I - a +6 ring of intelligence (right claw)
 K - a ring of resist corrosion
 P - a +4 ring of protection (left claw)
 R - an amulet of regeneration (around neck)
Wands
 f - a wand of acid (15)
 l - a wand of iceblast (17)
 m - a wand of charming (17)
 o - a wand of polymorph (10)
Scrolls
 i - a scroll of identify
 n - a scroll of enchant armour
 r - 4 scrolls of teleportation
 s - 3 scrolls of amnesia
 x - 3 scrolls of magic mapping
 z - 2 scrolls of blinking
 B - a scroll of immolation
 E - a scroll of fog
Potions
 b - a potion of brilliance
 c - 10 potions of curing
 d - a potion of magic
 g - 4 potions of cancellation
 h - 5 potions of mutation
 k - 3 potions of attraction
 p - 3 potions of flight
 q - 2 potions of ambrosia
 t - a potion of might
 v - a potion of resistance
 w - a potion of heal wounds {unknown}
 C - a potion of haste {unknown}
 G - a potion of lignification {unknown}


   Skills:
 + Level 5.5 Fighting
 + Level 8.1 Throwing
 - Level 1.5 Dodging
 - Level 1.0 Stealth
 - Level 10.0 Unarmed Combat
 - Level 1.9 Spellcasting
 - Level 9.3 Ice Magic
 - Level 4.0 Invocations
 - Level 1.9 Evocations


You had 7 spell levels left.
You knew the following spells:

 Your Spells              Type           Power        Failure   Level
o - Ozocubu's Armour      Ice            39%          1%          3
r - Frozen Ramparts       Ice            78%          1%          3

Your spell library contained the following spells:

 Spells                   Type           Power        Failure   Level
 Freeze                   Ice            100%         1%          1
 Animate Skeleton         Necr           2%           19%         1
 Magic Dart               Conj           4%           19%         1
 Pain                     Necr           4%           19%         1
 Searing Ray              Conj           2%           28%         2
 Hailstorm                Conj/Ice       20%          28%         4
 Summon Ice Beast         Ice/Summ       20%          28%         4
 Dazzling Flash           Conj/Hex       2%           50%         3
 Vampiric Draining        Necr           0%           50%         3
 Animate Dead             Necr           0%           88%         4
 Fulminant Prism          Conj/Hex       0%           88%         4
 Iskenderun's Mystic Bla  Conj/Tloc      1%           88%         4
 Agony                    Necr           1%           99%         5


Dungeon Overview and Level Annotations

Branches:
Dungeon (11/15)            Temple (1/1) D:6            Lair (1/6) D:11
    Orc (1/2) D:10

Altars:
Ashenzari
Cheibriados
Dithmenos
Elyvilon
Fedhas
Gozag
Hepliaklqana
Kikubaaqudgha
Makhleb
Nemelex Xobeh
Okawaru
Qazlal
Ru
Sif Muna
Trog
Uskayaw
Vehumet
Wu Jian
Xom
Yredelemnul
Zin
The Shining One

Shops:
D:4 =   D:7 [   D:9 (*:   D:11 :

Annotations:
D:6 exclusion: oklob plant
D:7 2 transporters, HoaS's ghost, novice GrGl
D:9 2 transporters, Megustar's ghost, novice DEAE


Innate Abilities, Weirdness & Mutations

You are too large for most types of armour.
You have claws for hands.
Your natural rate of healing is unusually fast.
You are covered in fur. (AC +1)
You have extremely tough skin. (AC +3)


Message History

The eight-headed hydra bites you!
The eight-headed hydra barely misses you.
The eight-headed hydra bites you.
You claw one of the eight-headed hydra's heads off!
The seven-headed hydra grows two more!
You scratch the nine-headed hydra.
The nine-headed hydra is heavily wounded.
You rip one of the nine-headed hydra's heads off!
The eight-headed hydra grows two more!
You claw the ten-headed hydra!
The ten-headed hydra is heavily wounded.
The wall freezes the ten-headed hydra!
The ten-headed hydra misses you.
The ten-headed hydra barely misses you. x2; The ten-headed hydra bites you.
The ten-headed hydra barely misses you.
The ten-headed hydra bites you but does no damage.
The ten-headed hydra bites you.
The ten-headed hydra bites you but does no damage.
The ten-headed hydra bites you.
The ten-headed hydra bites you but does no damage.
You claw one of the ten-headed hydra's heads off!
The nine-headed hydra grows two more!
You scratch the 11-headed hydra.
The 11-headed hydra is heavily wounded.
You scratch the 11-headed hydra but do no damage.
The 11-headed hydra is heavily wounded.
You rip one of the 11-headed hydra's heads off!
The ten-headed hydra grows two more!
You mangle the 12-headed hydra!!
The 12-headed hydra is severely wounded.
The wall freezes the 12-headed hydra!
The 12-headed hydra seems to slow down.
The 12-headed hydra bites you but does no damage.
The 12-headed hydra barely misses you. x2; The 12-headed hydra bites you.
The 12-headed hydra bites you!
* * * LOW HITPOINT WARNING * * *
The 12-headed hydra bites you but does no damage.
The 12-headed hydra bites you.
* * * LOW HITPOINT WARNING * * *
The 12-headed hydra bites you!
* * * LOW HITPOINT WARNING * * *
The 12-headed hydra bites you but does no damage.
The 12-headed hydra closely misses you. The 12-headed hydra bites you.
* * * LOW HITPOINT WARNING * * *
The 12-headed hydra bites you!
You die...

#...# #P..#
####...###
##....#...##
#...####...###
..#..#
##....##
######
###...#### #
####..P##
##.@D# ###..#
#.... ##.)..
... .. .


You could see a 12-headed hydra (slow).

Vanquished Creatures
  A boulder beetle (D:8)
  2 centaur warriors
  A two-headed ogre (D:8)
  An orc knight (D:10)
  A manticore (D:11)
  A cyclops (D:11)
  A cane toad (Lair:1)
  A gargoyle (D:10)
  An efreet (D:11)
  A queen bee (D:11)
  2 trolls
  A hornet (D:7)
  Prince Ribbit (D:5)
  Grinder (D:3)
  A slime creature (D:7)
  A shadow (D:10)
  2 wraiths
  A vampire (D:10)
  4 wyverns
  6 yaks
  Menkaure (D:4)
  Edmund (D:6)
  3 water moccasins
  7 orc warriors
  4 ice beasts
  2 sky beasts
  4 black bears
  7 ogres
  4 centaurs
  4 phantoms
  Blork the orc (D:4)
  11 bullfrogs
  4 kobold brigands
  A gnoll sergeant (D:7)
  5 scorpions
  22 killer bees
  A troll zombie (D:10)
  2 howler monkeys (D:7)
  3 crimson imps (D:4)
  5 jellies
  6 orc priests
  A bullfrog skeleton (D:10)
  2 hounds (D:7)
  Jessica (D:3)
  2 iguanas (D:7)
  Ijyb (D:4)
  Terence (D:3)
  7 orc wizards
  6 worker ants
  A killer bee zombie (D:7)
  5 ogre zombies (D:10)
  2 hound skeletons
  A worker ant zombie (D:11)
  15 adders
  4 gnolls (D:7)
  3 howler monkey skeletons
  A shadow imp (D:8)
  A white imp (D:7)
  An ufetubus (D:10)
  An ooze (D:2)
  An adder zombie (D:5)
  3 worms
  3 dart slugs
  9 leopard geckos
  42 orcs
  3 ball pythons
  8 bats
  6 giant cockroaches
  5 goblins
  9 hobgoblins
  19 jackals
  6 quokkas
  3 frilled lizards
  A goblin skeleton (D:10)
  2 goblin zombies (D:10)
  2 jackal skeletons
  29 kobolds
  A leopard gecko zombie (D:7)
  2 orc skeletons (D:10)
  14 orc zombies (D:10)
  A quokka zombie (D:5)
  10 rats
364 creatures vanquished.

Vanquished Creatures (others)
  16 plants
16 creatures vanquished.

Grand Total: 380 creatures vanquished

Notes
Turn   | Place    | Note
-------+----------+-------------------------------------------
     0 | D:1      | Armakuni the Troll Ice Elementalist began the quest for the
                  | Orb.
     0 | D:1      | Reached XP level 1. HP: 16/16 MP: 1/1
    81 | D:1      | Reached XP level 2. HP: 23/24 MP: 0/2
   316 | D:1      | Reached XP level 3. HP: 31/31 MP: 3/3
   611 | D:2      | Learned a level 3 spell: Frozen Ramparts
   695 | D:2      | Found a faded altar of an unknown god.
   708 | D:2      | Reached skill level 1 in Evocations
   971 | D:2      | Reached XP level 4. HP: 39/39 MP: 4/4
  1861 | D:3      | Noticed Grinder
  1865 | D:3      | Paralysed by Grinder for 4 turns
  1870 | D:3      | Killed Grinder
  1871 | D:3      | Reached XP level 5. HP: 34/45 MP: 4/6
  1871 | D:3      | Reached XP level 6. HP: 40/53 MP: 4/7
  1875 | D:3      | Learned a level 3 spell: Ozocubu's Armour
  2127 | D:3      | Noticed Jessica
  2133 | D:3      | Killed Jessica
  2352 | D:3      | Noticed Terence
  2361 | D:3      | Killed Terence
  2362 | D:3      | Reached skill level 1 in Unarmed Combat
  2583 | D:4      | Noticed Menkaure
  2586 | D:4      | Killed Menkaure
  2587 | D:4      | Reached skill level 2 in Unarmed Combat
  2587 | D:4      | Reached skill level 5 in Ice Magic
  2674 | D:4      | Found Rafrit's Jewellery Shop.
  2781 | D:4      | Noticed Blork the orc
  2794 | D:4      | Killed Blork the orc
  2795 | D:4      | Reached XP level 7. HP: 43/59 MP: 4/8
  2859 | D:4      | Reached skill level 3 in Unarmed Combat
  3065 | D:4      | Noticed Ijyb
  3076 | D:4      | Killed Ijyb
  3109 | D:4      | Found a shimmering altar of Xom.
  3537 | D:5      | Entered Level 5 of the Dungeon
  3692 | D:5      | Reached skill level 4 in Unarmed Combat
  3959 | D:5      | Noticed Prince Ribbit
  3968 | D:5      | Killed Prince Ribbit
  3969 | D:5      | Reached skill level 5 in Unarmed Combat
  3969 | D:5      | Reached XP level 8. HP: 23/67 MP: 2/9
  4529 | D:6      | Noticed Edmund
  4541 | D:6      | Killed Edmund
  4645 | D:6      | Reached skill level 6 in Unarmed Combat
  4680 | D:6      | Found a blossoming altar of Fedhas.
  4703 | D:6      | Noticed an oklob plant
  5677 | D:7      | Found a transporter.
  5678 | D:7      | Noticed HoaS's ghost (novice GrGl)
  5678 | D:7      | Noticed a moth of wrath
  5768 | D:7      | Reached skill level 7 in Unarmed Combat
  5768 | D:7      | Reached XP level 9. HP: 71/74 MP: 3/10
  5873 | D:7      | Found a transporter.
  6134 | D:7      | Noticed a centaur warrior
  6145 | D:7      | Killed a centaur warrior
  6146 | D:7      | Reached skill level 8 in Unarmed Combat
  6246 | D:7      | Reached skill level 9 in Unarmed Combat
  6314 | D:7      | Reached XP level 10. HP: 64/81 MP: 7/11
  6937 | D:7      | Found Byos's Antique Armour Shoppe.
  7096 | D:6      | Found a staircase to the Ecumenical Temple.
  7103 | Temple   | Entered the Ecumenical Temple
  7223 | Temple   | Became a worshipper of the Shining One
  7423 | D:8      | Noticed a two-headed ogre
  7456 | D:8      | Killed a two-headed ogre
  7457 | D:8      | Reached skill level 10 in Unarmed Combat
  7764 | D:8      | Noticed a boulder beetle
  7789 | D:8      | Killed a boulder beetle
  7800 | D:8      | Got a dazzling war axe
  7801 | D:8      | Identified the +6 war axe "Nib Kiwedd" {vorpal, rPois rF+
                  | rC+} (You found it on level 8 of the Dungeon)
  8347 | D:9      | Found a transporter.
  8347 | D:9      | Noticed Megustar's ghost (novice DEAE)
  8518 | D:9      | Found Zasy's Assorted Antiques.
  8551 | D:9      | Bought a tattered robe for 176 gold pieces
  8561 | D:9      | Identified the +2 robe of Objectivity {rPois rN+ Str+3}
                  | (You bought it in a shop on level 9 of the Dungeon)
  8658 | D:9      | Found Wiovirgh's Book Shoppe.
  8691 | D:9      | Reached * piety under the Shining One
  8826 | D:9      | Found a transporter.
  8893 | D:9      | Reached XP level 11. HP: 61/88 MP: 8/13
  8977 | D:9      | Found Dysitt's Antique Weapon Boutique.
  9304 | D:10     | Entered Level 10 of the Dungeon
  9368 | D:10     | Found a burning altar of Makhleb.
  9377 | D:10     | Found a glowing golden altar of the Shining One.
  9435 | D:10     | Reached skill level 5 in Throwing
  9507 | D:10     | Reached ** piety under the Shining One
  9527 | D:10     | Found a staircase to the Orcish Mines.
  9534 | D:10     | Reached skill level 1 in Fighting
  9574 | D:10     | Reached *** piety under the Shining One
 10069 | Orc:1    | Entered Level 1 of the Orcish Mines
 10073 | Orc:1    | Noticed an orc knight
 10099 | D:10     | Killed an orc knight
 10398 | D:11     | Reached **** piety under the Shining One
 10434 | D:11     | Noticed a centaur warrior
 10448 | D:11     | Killed a centaur warrior
 10777 | D:11     | Found Rewav's Book Boutique.
 10780 | D:11     | Found a staircase to the Lair.
 10897 | D:11     | Reached skill level 5 in Fighting
 11150 | Lair:1   | Entered Level 1 of the Lair of Beasts
 11530 | Lair:1   | Noticed a four-headed hydra
 11544 | Lair:1   | Slain by a 12-headed hydra

Illustrated notes

Levels and vault maps discovered:
D:1:      mrwooster_arrival_statue_2, layout_basic
D:2:      layout_loops_corners, chequers_ecumenical_altar_island,
          minmay_quadrilaterals
D:3:      layout_basic, uniq_terence, uniq_grinder, uniq_jessica
D:4:      layout_basic, serial_shops, nicolae_shop_waterfront, led_xom_imps,
          uniq_ijyb, uniq_menkaure, uniq_blork_the_orc
D:5:      layout_basic, mrwooster_statue_mirror, grunt_ministairs_14,
          uniq_prince_ribbit1
D:6:      layout_loops_corners, tgw_fedhas, minmay_temple_entry_from_below_a,
          uniq_edmund
D:7:      layout_basic, gammafunk_ghost_berserking_beasts, serial_shops, shop,
          grunt_ministairs_3, minmay_the_grid_2x2 [minmay_the_grid_spin_star,
          minmay_the_grid_holed_spiral, minmay_the_grid_stretched_grid,
          minmay_the_grid_prize_four_corners]
D:8:      layout_basic, special_room [special_room_orc],
          minmay_misc_feat_four_crosses, small_chamber_with_monster,
          hangedman_glass_garden
D:9:      layout_loops_ring, serial_shops, nicolae_shop_overgrown_old_shop,
          shop, kennysheep_mini, gammafunk_ghost_arena, nicolae_wwwww
D:10:     layout_big_octagon, zombieorc1_lemuel, moated_statue,
          nzn_life_drinkers
D:11:     layout_loops_cross, lair_entry_dummy, serial_shops, shop,
          nicolae_looking_at_the_future
Temple:   kilobyte_greek_temple
Lair:1:   layout_cave_pods, serial_forest, infiniplex_forest_end_2,
          infiniplex_forest_clump_diagonal, infiniplex_forest_lined_2,
          infiniplex_forest_end_1, infiniplex_forest_lined_room_2,
          infiniplex_forest_straight_5, infiniplex_forest_straight_2
Orc:1:    layout_diamond_mine, uniq_sonja, uniq_gastronok, uniq_fannar

Skill      XL: |  1  2  3  4  5  6  7  8  9 10 11 |
---------------+----------------------------------+-----
Ice Magic      | 3 4 5 6 7 8 9 |  9.3
Evocations     | 1 |  1.9
Unarmed Combat | 2 5 7 9 10 | 10.0
Throwing       | 4 8 |  8.1
Invocations    | 4 |  4.0
Fighting       | 5 |  5.5
Dodging        | |  1.5
Stealth        | |  1.0
Spellcasting   | |  1.9

Action                   |  1- 3 |  4- 6 |  7- 9 | 10-12 || total
-------------------------+-------+-------+-------+-------++-------
Melee: Unarmed           |   122 |   129 |   252 |   445 ||   948
       Punch             |       |       |     6 |    18 ||    24
Throw: Boomerang         |       |       |       |     1 ||     1
 Cast: Freeze            |    10 |    13 |     7 |       ||    30
       Frozen Ramparts   |       |     4 |    20 |    35 ||    59
       Ozocubu's Armour  |       |       |     4 |    15 ||    19
Invok: Divine Shield     |       |       |       |     1 ||     1
Evoke: Wand              |       |     5 |       |     5 ||    10
  Use: Scroll            |     3 |     6 |     9 |     5 ||    23
 Stab: Sleeping          |     3 |     1 |     2 |       ||     6
Armor: Robe              |    49 |    64 |   106 |   118 ||   337
       Troll leather arm |       |       |       |    67 ||    67
Dodge: Dodged            |    51 |    61 |    91 |   181 ||   384
Block: Other             |       |       |       |    12 ||    12

Table legend: (Time is in decaauts)
 A = Elapsed time spent in this place.
 B = Non-inter-level travel time spent in this place.
 C = Inter-level travel time spent in this place.
 D = Time resting spent in this place.
 E = Time spent auto-exploring this place.
 F = Levels seen in this place.
 G = Mean time per level.
                   A        B        C        D        E       F      G
               +--------+--------+--------+--------+--------+-----+--------+
         Total |  11440 |  10837 |    603 |   1119 |   7024 |  14 |  817.1 |
       Dungeon |  10987 |  10419 |    568 |   1119 |   6704 |  11 |  998.8 |
        Temple |    154 |    121 |     33 |      0 |    106 |   1 |  154.0 |
          Lair |    287 |    285 |      2 |      0 |    214 |   1 |  287.0 |
  Orcish Mines |     11 |     11 |      0 |      0 |      0 |   1 |   11.0 |
               +--------+--------+--------+--------+--------+-----+--------+

Top non-repeatable levels by time:
     D:7: 1534 daAuts
     D:6: 1242 daAuts
     D:2: 1112 daAuts
    D:11: 1080 daAuts
     D:8: 1017 daAuts
     D:3: 975 daAuts
     D:9: 968 daAuts
     D:4: 912 daAuts
    D:10: 802 daAuts
     D:5: 802 daAuts
     D:1: 539 daAuts
  Lair:1: 287 daAuts
  Temple: 154 daAuts
   Orc:1: 11 daAuts
